| TOP OF THE 1ST |
|
Florida Marlins batting - Pitching for Kansas City Royals : LHP Rheal Cormier
|
|
Pitching: LHP Rheal Cormier
|
|
|
Batting: LHB Craig Counsell
|
0-0: Ball 1-0: Ball 2-0: Ground out U3 (Groundball, 3, EV 86.9 MPH)
|
|
Batting: RHB Charles Johnson
|
0-0: Ball 1-0: Fly out, F7 (Flyball, 78S, EV 95.0 MPH)
|
|
Batting: RHB Richie Sexson
|
0-0: Ball 1-0: Ball 2-0: Ball 3-0: Called Strike 3-1: Base on Balls
|
|
Batting: RHB Juan Encarnacion
|
0-0: Fly out, F8 (Line Drive, 8RM, EV 92.5 MPH)
|
| Top of the 1st over - 0 runs, 0 hits, 0 errors, 1 left on base; Florida 0 - Kansas City 0 |
| BOTTOM OF THE 1ST |
|
Kansas City Royals batting - Pitching for Florida Marlins : RHP Roger Clemens
|
|
Pitching: RHP Roger Clemens
|
|
|
Batting: SHB Roberto Alomar
|
0-0: Swinging Strike 0-1: Ball 1-1: Ball 2-1: Foul Ball, location: 2F 2-2: Foul Ball, location: 2F 2-2: Foul Ball, location: 2F 2-2: Foul Ball, location: 2F 2-2: Foul Ball, location: 2F 2-2: Ball 3-2: Ground out 4-3 (Groundball, 4S, EV 68.1 MPH)
|
|
Batting: LHB Ray Lankford
|
0-0: Ball 1-0: Ball 2-0: Ground out 1-3 (Groundball, 15, EV 81.3 MPH)
|
|
Batting: LHB Jeromy Burnitz
|
0-0: Foul Ball, location: 2F 0-1: Called Strike 0-2: Ball 1-2: Fly out, F4 (Popup, 4, EV 56.9 MPH)
|
| Bottom of the 1st over - 0 runs, 0 hits, 0 errors, 0 left on base; Florida 0 - Kansas City 0 |
| TOP OF THE 2ND |
|
Florida Marlins batting - Pitching for Kansas City Royals : LHP Rheal Cormier
|
|
Batting: RHB Rondell White
|
0-0: Called Strike 0-1: Foul Ball, location: 2F 0-2: Strikes out looking
|
|
Batting: SHB Bobby Bonilla
|
0-0: Called Strike 0-1: Foul Ball, location: 2F 0-2: Strikes out looking
|
|
Batting: RHB Edgardo Alfonzo
|
0-0: Called Strike 0-1: Foul Ball, location: 2F 0-2: Strikes out swinging
|
| Top of the 2nd over - 0 runs, 0 hits, 0 errors, 0 left on base; Florida 0 - Kansas City 0 |
| BOTTOM OF THE 2ND |
|
Kansas City Royals batting - Pitching for Florida Marlins : RHP Roger Clemens
|
|
Batting: LHB Jim Thome
|
0-0: Ground out 4-3 (Groundball, 4S, EV 91.3 MPH)
|
|
Batting: RHB Richard Hidalgo
|
0-0: Ball 1-0: Foul Ball, location: 2F 1-1: Fly out, F9 (Flyball, 9, EV 90.0 MPH)
|
|
Batting: RHB Andruw Jones
|
0-0: Called Strike 0-1: Fly out, F8 (Flyball, 8LXD, EV 108.8 MPH)
|
| Bottom of the 2nd over - 0 runs, 0 hits, 0 errors, 0 left on base; Florida 0 - Kansas City 0 |
| TOP OF THE 3RD |
|
Florida Marlins batting - Pitching for Kansas City Royals : LHP Rheal Cormier
|
|
Batting: RHB Tony Barron
|
0-0: Foul Ball, location: 2F 0-1: Ball 1-1: Foul Ball, location: 2F 1-2: SINGLE (Groundball, 34D, EV 95.0 MPH)
|
|
Batting: SHB Luis Castillo
|
0-0: Ball 1-0: Ball 2-0: Called Strike 2-1: Ball 3-1: Base on Balls Tony Barron to second
|
|
Batting: LHB Craig Counsell
|
0-0: Ball 1-0: Bunt missed! 1-1: Bunt missed! 1-2: Strikes out swinging
|
|
Batting: RHB Charles Johnson
|
0-0: Ball 1-0: Foul Ball, location: 2F 1-1: Fly out, F8 (Flyball, 8LD, EV 89.4 MPH)
|
|
Batting: RHB Richie Sexson
|
0-0: Foul Ball, location: 2F 0-1: Called Strike 0-2: Ball 1-2: Foul Ball, location: 2F 1-2: Ball 2-2: Ground out 6-3 (Groundball, 6S, EV 82.5 MPH)
|
| Top of the 3rd over - 0 runs, 1 hit, 0 errors, 2 left on base; Florida 0 - Kansas City 0 |
| BOTTOM OF THE 3RD |
|
Kansas City Royals batting - Pitching for Florida Marlins : RHP Roger Clemens
|
|
Batting: RHB Barry Larkin
|
0-0: Ball 1-0: Swinging Strike 1-1: SINGLE (Line Drive, 89S, EV 105.6 MPH)
|
|
Batting: LHB Rick Wilkins
|
0-0: Bunt missed! 0-1: Bunt missed! 0-2: Hit by Pitch Barry Larkin to second
|
|
Batting: RHB Tim Naehring
|
0-0: Ball 1-0: Bunt missed! 1-1: Bunt missed! 1-2: SINGLE (Line Drive, 89M, EV 108.8 MPH) Barry Larkin to third Rick Wilkins to second
|
|
Batting: SHB Roberto Alomar
|
0-0: Ball 1-0: Foul Ball, location: 2F 1-1: Foul Ball, location: 2F 1-2: Fly out, F7 (Flyball, 7S, EV 90.6 MPH)
|
|
Batting: LHB Ray Lankford
|
0-0: Grounds into double play, 6-4-3 (Groundball, 6, EV 86.3 MPH)
|
| Bottom of the 3rd over - 0 runs, 2 hits, 0 errors, 2 left on base; Florida 0 - Kansas City 0 |
| TOP OF THE 4TH |
|
Florida Marlins batting - Pitching for Kansas City Royals : LHP Rheal Cormier
|
|
Batting: RHB Juan Encarnacion
|
0-0: Ball 1-0: Foul Ball, location: 2F 1-1: SOLO HOME RUN (Flyball, 9D, EV 96.3 MPH), Distance : 360 ft
|
|
Batting: RHB Rondell White
|
0-0: Ball 1-0: Called Strike 1-1: Ground out 4-3 (Groundball, 4, EV 79.4 MPH)
|
|
Batting: SHB Bobby Bonilla
|
0-0: Ball 1-0: Ground out 4-3 (Groundball, 4, EV 92.5 MPH)
|
|
Batting: RHB Edgardo Alfonzo
|
0-0: Swinging Strike 0-1: Ball 1-1: Ball 2-1: Foul Ball, location: 2F 2-2: Foul Ball, location: 2F 2-2: DOUBLE (Groundball, 5L, EV 99.4 MPH)
|
|
Batting: RHB Tony Barron
|
0-0: Ground out 4-3 (Groundball, 4, EV 100.0 MPH)
|
| Top of the 4th over - 1 run, 2 hits, 0 errors, 1 left on base; Florida 1 - Kansas City 0 |
| BOTTOM OF THE 4TH |
|
Kansas City Royals batting - Pitching for Florida Marlins : RHP Roger Clemens
|
|
Batting: LHB Jeromy Burnitz
|
0-0: Called Strike 0-1: Swinging Strike 0-2: Ball 1-2: Foul Ball, location: 2F 1-2: Foul Ball, location: 2F 1-2: Ball 2-2: Ball 3-2: Foul Ball, location: 2F 3-2: Strikes out swinging
|
|
Batting: LHB Jim Thome
|
0-0: Ball 1-0: Foul Ball, location: 2F 1-1: Swinging Strike 1-2: Ball 2-2: Strikes out swinging
|
|
Batting: RHB Richard Hidalgo
|
0-0: Called Strike 0-1: Ball 1-1: Foul Ball, location: 2F 1-2: Strikes out swinging
|
| Bottom of the 4th over - 0 runs, 0 hits, 0 errors, 0 left on base; Florida 1 - Kansas City 0 |
| TOP OF THE 5TH |
|
Florida Marlins batting - Pitching for Kansas City Royals : LHP Rheal Cormier
|
|
Batting: SHB Luis Castillo
|
0-0: Swinging Strike 0-1: Ball 1-1: Ball 2-1: Called Strike 2-2: Ball 3-2: Base on Balls
|
|
Batting: LHB Craig Counsell
|
0-0: Ball 1-0: Ball 2-0: Sac Bunt to 13S - play at first, batter OUT! 1-4 Luis Castillo to second
|
|
Batting: RHB Charles Johnson
|
0-0: Ball Luis Castillo steals 3rd base 1-0: Ball 2-0: Foul Ball, location: 2F 2-1: Ball 3-1: Foul Ball, location: 2F 3-2: Base on Balls
|
|
Batting: RHB Richie Sexson
|
0-0: Called Strike 0-1: Foul Ball, location: 2F 0-2: Ball 1-2: Ball 2-2: Foul Ball, location: 2F 2-2: Foul Ball, location: 2F 2-2: Strikes out looking
|
|
Batting: RHB Juan Encarnacion
|
0-0: Ball 1-0: Called Strike 1-1: Fly out, F8 (Flyball, 8RXD, EV 101.9 MPH)
|
| Top of the 5th over - 0 runs, 0 hits, 0 errors, 2 left on base; Florida 1 - Kansas City 0 |
| BOTTOM OF THE 5TH |
|
Kansas City Royals batting - Pitching for Florida Marlins : RHP Roger Clemens
|
|
Batting: RHB Andruw Jones
|
0-0: Called Strike 0-1: Ball 1-1: Foul Ball, location: 2F 1-2: Ball 2-2: Foul Ball, location: 2F 2-2: Fly out, F7 (Flyball, 7S, EV 85.6 MPH)
|
|
Batting: RHB Barry Larkin
|
0-0: Ball 1-0: Fly out, F9 (Flyball, 9LS, EV 95.6 MPH)
|
|
Batting: LHB Rick Wilkins
|
0-0: Foul Ball, location: 2F 0-1: Ball 1-1: Fly out, F8 (Flyball, 8LXD, EV 110.0 MPH)
|
| Bottom of the 5th over - 0 runs, 0 hits, 0 errors, 0 left on base; Florida 1 - Kansas City 0 |
| TOP OF THE 6TH |
|
Florida Marlins batting - Pitching for Kansas City Royals : LHP Rheal Cormier
|
|
Batting: RHB Rondell White
|
0-0: Called Strike 0-1: Ball 1-1: Ball 2-1: Fly out, F7 (Flyball, 7S, EV 86.3 MPH)
|
|
Batting: SHB Bobby Bonilla
|
0-0: Swinging Strike 0-1: Called Strike 0-2: Foul Ball, location: 2F 0-2: Strikes out swinging
|
|
Batting: RHB Edgardo Alfonzo
|
0-0: Called Strike 0-1: Foul Ball, location: 2F 0-2: Ground out 6-3 (Groundball, 6S, EV 89.4 MPH)
|
| Top of the 6th over - 0 runs, 0 hits, 0 errors, 0 left on base; Florida 1 - Kansas City 0 |
| BOTTOM OF THE 6TH |
|
Kansas City Royals batting - Pitching for Florida Marlins : RHP Roger Clemens
|
|
Batting: RHB Tim Naehring
|
0-0: Ball 1-0: Swinging Strike 1-1: Foul Ball, location: 2F 1-2: Ball 2-2: Ball 3-2: Strikes out swinging
|
|
Batting: SHB Roberto Alomar
|
0-0: Called Strike 0-1: Foul Ball, location: 2F 0-2: Foul Ball, location: 2F 0-2: Ball 1-2: Ball 2-2: Foul Ball, location: 2F 2-2: Foul Ball, location: 2F 2-2: Ball 3-2: Foul Ball, location: 2F 3-2: Ground out 4-3 (Groundball, 4, EV 81.9 MPH)
|
|
Batting: LHB Ray Lankford
|
0-0: Called Strike 0-1: Ball 1-1: Ball 2-1: Ball 3-1: Bunt missed! 3-2: SINGLE (Flyball, 8RS, EV 86.3 MPH)
|
|
Batting: LHB Jeromy Burnitz
|
0-0: Ball Ray Lankford steals 2nd base 1-0: Ball 2-0: Ball 3-0: Called Strike 3-1: Foul Ball, location: 2F 3-2: Strikes out swinging
|
| Bottom of the 6th over - 0 runs, 1 hit, 0 errors, 1 left on base; Florida 1 - Kansas City 0 |
| TOP OF THE 7TH |
|
Florida Marlins batting - Pitching for Kansas City Royals : LHP Rheal Cormier
|
|
Batting: RHB Tony Barron
|
0-0: Ball 1-0: Foul Ball, location: 2F 1-1: Ground out 6-3 (Groundball, 6, EV 86.3 MPH)
|
|
Batting: SHB Luis Castillo
|
0-0: Ball 1-0: Foul Ball, location: 2F 1-1: Swinging Strike 1-2: Ground out 6-3 (Groundball, 6, EV 79.4 MPH)
|
|
Batting: LHB Craig Counsell
|
0-0: Called Strike 0-1: Ball 1-1: Called Strike 1-2: Ball 2-2: TRIPLE (Flyball, 78XD, EV 110.0 MPH)
|
|
Batting: RHB Charles Johnson
|
0-0: Called Strike 0-1: Ground out 5-3 (Groundball, 56, EV 76.9 MPH)
|
| Top of the 7th over - 0 runs, 1 hit, 0 errors, 1 left on base; Florida 1 - Kansas City 0 |
| BOTTOM OF THE 7TH |
|
Kansas City Royals batting - Pitching for Florida Marlins : RHP Roger Clemens
|
|
Batting: LHB Jim Thome
|
0-0: Foul Ball, location: 2F 0-1: Foul Ball, location: 2F 0-2: Fly out, F9 (Line Drive, 9D, EV 98.8 MPH)
|
|
Batting: RHB Richard Hidalgo
|
0-0: Foul Ball, location: 2F 0-1: Ball 1-1: Foul Ball, location: 2F 1-2: Strikes out looking
|
|
Batting: RHB Andruw Jones
|
0-0: Ball 1-0: Ball 2-0: Called Strike 2-1: Foul Ball, location: 2F 2-2: Foul Ball, location: 2F 2-2: Fly out, F8 (Flyball, 78M, EV 91.3 MPH)
|
| Bottom of the 7th over - 0 runs, 0 hits, 0 errors, 0 left on base; Florida 1 - Kansas City 0 |
| TOP OF THE 8TH |
|
Florida Marlins batting - Pitching for Kansas City Royals : LHP Rheal Cormier
|
|
Batting: RHB Richie Sexson
|
0-0: Ball 1-0: Foul Ball, location: 2F 1-1: Foul Ball, location: 2F 1-2: Ball 2-2: Ball 3-2: Foul Ball, location: 2F 3-2: Strikes out swinging
|
|
Batting: RHB Juan Encarnacion
|
0-0: Ball 1-0: Called Strike 1-1: Ball 2-1: Foul Ball, location: 2F 2-2: Foul Ball, location: 2F 2-2: Strikes out swinging
|
|
Batting: RHB Rondell White
|
0-0: Foul Ball, location: 2F 0-1: SINGLE (Line Drive, 34D, EV 100.6 MPH)
|
|
Batting: SHB Bobby Bonilla
|
0-0: Called Strike 0-1: Ball 1-1: Called Strike Rondell White is caught stealing 2nd base 2-4
|
| Top of the 8th over - 0 runs, 1 hit, 0 errors, 0 left on base; Florida 1 - Kansas City 0 |
| BOTTOM OF THE 8TH |
|
Kansas City Royals batting - Pitching for Florida Marlins : RHP Roger Clemens
|
|
Batting: RHB Barry Larkin
|
0-0: Foul Ball, location: 2F 0-1: Ball 1-1: Ball 2-1: Called Strike 2-2: Ball 3-2: Foul Ball, location: 2F 3-2: Ground out 6-3 (Groundball, 6, EV 79.4 MPH)
|
|
Batting: LHB Rick Wilkins
|
0-0: Ball 1-0: Ball 2-0: Ball 3-0: Base on Balls
|
|
Pitching: RHP Bryan Harvey
|
|
|
Batting: RHB Tim Naehring
|
0-0: Sac Bunt to 13 - play at first, batter OUT! 1-3 Rick Wilkins to second
|
|
Batting: SHB Roberto Alomar
|
0-0: Ball 1-0: Called Strike 1-1: Foul Ball, location: 2F 1-2: Ground out 4-3 (Groundball, 4, EV 81.3 MPH)
|
| Bottom of the 8th over - 0 runs, 0 hits, 0 errors, 1 left on base; Florida 1 - Kansas City 0 |
| TOP OF THE 9TH |
|
Florida Marlins batting - Pitching for Kansas City Royals : LHP Rheal Cormier
|
|
Batting: SHB Bobby Bonilla
|
0-0: Ball 1-0: Foul Ball, location: 2F 1-1: Swinging Strike 1-2: Foul Ball, location: 2F 1-2: Ball 2-2: Foul Ball, location: 2F 2-2: Foul Ball, location: 2F 2-2: Ball 3-2: Strikes out swinging
|
|
Pitching: RHP Rod Beck
|
|
|
Batting: RHB Edgardo Alfonzo
|
0-0: Called Strike 0-1: Foul Ball, location: 2F 0-2: SINGLE (Groundball, 6D, EV 96.3 MPH)
|
|
Batting: RHB Tony Barron
|
0-0: Foul Ball, location: 2F 0-1: Ball 1-1: Swinging Strike 1-2: Ball 2-2: Strikes out looking
|
|
Pitching: RHP John Habyan
|
|
|
Batting: SHB Luis Castillo
|
0-0: Called Strike 0-1: Ball 1-1: Foul Ball, location: 2F 1-2: Strikes out swinging
|
| Top of the 9th over - 0 runs, 1 hit, 0 errors, 1 left on base; Florida 1 - Kansas City 0 |
| BOTTOM OF THE 9TH |
|
Kansas City Royals batting - Pitching for Florida Marlins : RHP Bryan Harvey
|
|
Batting: LHB Ray Lankford
|
0-0: Called Strike 0-1: Ball 1-1: Ball 2-1: Ball 3-1: Foul Ball, location: 2F 3-2: Strikes out looking
|
|
Batting: LHB Jeromy Burnitz
|
0-0: Called Strike 0-1: Ball 1-1: Ball 2-1: Foul Ball, location: 2F 2-2: Foul Ball, location: 2F 2-2: Foul Ball, location: 2F 2-2: Foul Ball, location: 2F 2-2: Strikes out looking
|
|
Batting: LHB Jim Thome
|
0-0: Ball 1-0: Ball 2-0: Ball 3-0: Called Strike 3-1: Base on Balls
|
|
Batting: RHB Richard Hidalgo
|
0-0: Ball 1-0: Foul Ball, location: 2F 1-1: Ball 2-1: Swinging Strike 2-2: Ball 3-2: Strikes out swinging
|
| Bottom of the 9th over - 0 runs, 0 hits, 0 errors, 1 left on base; Florida 1 - Kansas City 0 |
|